 Dungeon Crawl Stone Soup version 0.31-a0-325-g067879e3d3 (webtiles) character file.

Game seed: 17428271708367467647

4181 AdnanSaban the Basher (level 10, 0/63 HPs)
             Began as a Gargoyle Fighter on July 18, 2023.
             Was a High Priest of Okawaru.
             Slain by a killer bee (5 damage)
             ... on level 9 of the Dungeon.
             The game lasted 00:11:22 (8865 turns).

AdnanSaban the Basher (Gargoyle Fighter)            Turns: 8865, Time: 00:11:23

Health: 0/63       AC: 31    Str: 24    XL:     10   Next: 28%
Magic:  10/10      EV:  7    Int:  9    God:    Okawaru [*****.]
Gold:   407        SH:  5    Dex:  9    Spells: 9/9 levels left

rFire   . . .        y - +1 flail (protect)
rCold   . . .        c - +0 buckler
rNeg    + . .        v - +0 plate armour
rPois   ∞            r - +1 hat
rElec   +            (no cloak)
rCorr   .            a - +0 pair of gloves
SInv    .            x - +0 pair of boots
Will    +....        (no amulet) Stlth
                     E - ring of flight
HPRegen 0.30/turn    M - ring of willpower
MPRegen 0.12/turn

%: no passive effects
@: under a protective aura, flying
A: sickness immunity, AC +7, negative energy resistance 1, electricity
resistance, torment resistance 1, petrification resistance
a: Renounce Religion, Heroism, Finesse, Duel


You were on level 9 of the Dungeon.
You worshipped Okawaru.
Okawaru was extremely pleased with you.
You visited 2 branches of the dungeon, and saw 10 of its levels.
You also visited: Sewer.

You collected 407 gold pieces.

Inventory:

Hand Weapons
 y - a +1 flail of protection (weapon)
 L - a +0 flail of holy wrath
Missiles
 g - 2 throwing nets
Armour
 a - a +0 pair of gloves (worn)
 c - a +0 buckler (worn)
 r - a +1 hat (worn)
 v - a +0 plate armour (worn)
 x - a +0 pair of boots (worn)
Jewellery
 m - an amulet of magic regeneration
 E - a ring of flight (left hand)
 M - a ring of willpower (right hand)
Wands
 s - a wand of paralysis (1)
 H - a wand of roots (11)
Scrolls
 b - 2 scrolls of butterflies {unknown}
 e - 3 scrolls of revelation {unknown}
 h - a scroll of fear {unknown}
 i - 2 scrolls of amnesia {unknown}
 j - 3 scrolls of teleportation {unknown}
 l - 3 scrolls of enchant weapon {unknown}
 o - 2 scrolls of vulnerability {unknown}
 q - 4 scrolls of identify {unknown}
 t - 2 scrolls of noise {unknown}
 u - a scroll of enchant armour {unknown}
 w - 2 scrolls of poison {unknown}
 F - a scroll of blinking {unknown}
 G - a scroll of fog {unknown}
 I - a scroll of immolation {unknown}
 K - a scroll of silence {unknown}
Potions
 d - a potion of might
 f - a potion of enlightenment {unknown}
 k - a potion of berserk rage {unknown}
 n - 3 potions of mutation {unknown}
 p - a potion of magic {unknown}
 z - 2 potions of experience {unknown}
 A - a potion of brilliance {unknown}
 B - 3 potions of heal wounds {unknown}
 C - a potion of resistance {unknown}
 D - 3 potions of haste {unknown}
 J - a potion of attraction {unknown}


   Skills:
 + Level 7.2 Fighting
 + Level 10.6 Maces & Flails
 + Level 8.1 Armour
 + Level 6.5 Shields


You had 9 spell levels left.
You didn't know any spells.
Your spell library contained the following spells:

 Spells                   Type           Power      Damage    Failure   Level
 Blink                    Tloc           0%         N/A       100%        2
 Lesser Beckoning         Tloc           0%         N/A       100%        2
 Momentum Strike          Conj/Tloc      0%         3d8       100%        2
 Inner Flame              Hex/Fire       0%         N/A       100%        3
 Portal Projectile        Hex/Tloc       0%         N/A       100%        3
 Flame Wave               Conj/Fire      0%         2d4       100%        4
 Leda's Liquefaction      Hex/Erth       0%         N/A       100%        4
 Passage of Golubria      Tloc           0%         N/A       100%        4
 Sticky Flame             Conj/Fire      0%         2d3       100%        4
 Yara's Violent Unravell  Hex/Tmut       0%         3d3       100%        5
 Call Canine Familiar     Summ           Unusable   N/A       N/A         3
 Tukima's Dance           Hex            Unusable   N/A       N/A         3

Dungeon Overview and Level Annotations

Branches:
Dungeon (8/15)             Temple (1/1) D:4           Sewer (visited)
   Lair: D:8-11

Altars:
Ashenzari
Cheibriados
Elyvilon
Fedhas
Gozag
Hepliaklqana
Kikubaaqudgha
Nemelex Xobeh
Okawaru
Qazlal
Ru
Sif Muna
Trog
Uskayaw
Vehumet
Wu Jian
Xom
Yredelemnul
Zin
The Shining One

Shops:
D:8 [

Annotations:
D:3 1 runed translucent door, Vruhak's ghost, amateur FoBr


Innate Abilities, Weirdness & Mutations

You are immune to sickness and miasma.
Your stone body is resilient. (AC +7)
You are immune to poison.
You resist negative energy. (rN+)
You are resistant to electric shocks. (rElec)
You are resistant to unholy torment.
You are immune to petrification.


Message History

You hit the killer bee.
The killer bee is moderately wounded.
The killer bee stings you but does no damage.
You miss the killer bee.
The killer bee is moderately wounded.
The killer bee barely misses you. The killer bee stings you.
You miss the killer bee.
The killer bee is moderately wounded.
The killer bee stings you but does no damage. x2
You hit the killer bee.
The killer bee is heavily wounded.
The killer bee stings you. You block the killer bee's attack.
You hit the killer bee but do no damage.
The killer bee is heavily wounded.
The killer bee stings you. x2
* * * LOW HITPOINT WARNING * * *
You hit the killer bee.
The killer bee is heavily wounded.
The killer bee stings you!
* * * LOW HITPOINT WARNING * * *
The killer bee stings you but does no damage.
You thump the killer bee!
The killer bee is almost dead.
The killer bee stings you but does no damage.
You barely miss the killer bee.
The killer bee is almost dead.
The killer bee stings you but does no damage.
The killer bee closely misses you.
You miss the killer bee.
The killer bee is almost dead.
You block the killer bee's attack. The killer bee stings you.
* * * LOW HITPOINT WARNING * * *
You sock the killer bee!
You kill the killer bee!
Okawaru accepts your kill.
The killer bee stings you but does no damage.
You hit the killer bee.
The killer bee is moderately wounded.
You block the killer bee's attack. The killer bee stings you.
You die...

#...#.. #.. #.#
#########.. #.#
.[....... ..#.# #
...[.. .#.##.#
##### ...# ....
......##.######.#
#.......)@y..#
......##.#####..#
...!. #.# #..#
#### #.# #..# ...
#..# ... #..#
....# #..# ....#
#..# ....


You could see a killer bee.

Vanquished Creatures
  A cyclops (D:6)
  Grinder (D:5)
  2 wyverns (D:7)
  Menkaure (D:7)
  Edmund (D:4)
  A water moccasin (D:6)
  2 orc warriors
  A sky beast (D:6)
  2 ice beasts
  2 ogres (D:6)
  2 phantoms
  2 centaurs
  A kobold brigand (D:7)
  A necrophage (D:8)
  3 bullfrogs
  A gnoll sergeant (D:8)
  5 wights (D:9)
  7 killer bees
  2 howler monkeys (D:9)
  5 hounds
  2 jellies
  2 orc priests
  A sleepcap (D:7)
  4 iguanas
  8 orc wizards
  A hound skeleton (D:8)
  Robin (D:3)
  10 adders
  8 gnolls (D:8)
  4 river rats
  3 white imps
  A worm (D:4)
  28 orcs
  18 ball pythons
  7 endoplasms
  A giant cockroach (D:4)
  11 goblins
  15 hobgoblins
  3 jackals (D:2)
  2 quokkas
  5 bats
  5 frilled lizards
  28 kobolds
  28 rats
239 creatures vanquished.

Notes
Turn   | Place    | Note
-------+----------+-------------------------------------------
     0 | D:1      | AdnanSaban the Gargoyle Fighter began the quest for the
                  | Orb.
     0 | D:1      | Reached XP level 1. HP: 14/14 MP: 1/1
   307 | D:1      | Reached XP level 2. HP: 19/19 MP: 2/2
   675 | D:2      | Reached XP level 3. HP: 13/24 MP: 3/3
  1215 | D:2      | Reached XP level 4. HP: 29/29 MP: 4/4
  1718 | D:3      | Noticed Robin
  1737 | D:3      | Reached skill level 3 in Maces & Flails
  1750 | D:3      | Killed Robin
  1854 | D:3      | Reached XP level 5. HP: 20/33 MP: 5/5
  1914 | D:3      | Found a runed translucent door.
  1961 | D:3      | Found an opulent altar of Gozag.
  2091 | D:3      | Noticed Vruhak's ghost (amateur FoBr)
  2532 | D:4      | Found a staircase to the Ecumenical Temple.
  2538 | D:4      | Noticed a phantom
  2541 | Temple   | Entered the Ecumenical Temple
  2556 | Temple   | Became a worshipper of Warmaster Okawaru
  2573 | D:4      | Killed a phantom
  2574 | D:4      | Reached skill level 4 in Maces & Flails
  2574 | D:4      | Reached XP level 6. HP: 32/39 MP: 6/6
  2637 | D:4      | Found a hide-covered altar of Uskayaw.
  2637 | D:4      | Found a snail-covered altar of Cheibriados.
  2667 | D:4      | Found a glowing drain.
  2694 | Sewer    | Entered a sewer
  3551 | D:4      | Reached * piety under Okawaru
  3712 | D:4      | Found a shimmering blue altar of Sif Muna.
  3918 | D:4      | Noticed Edmund
  3938 | D:4      | Killed Edmund
  3939 | D:4      | Reached skill level 5 in Maces & Flails
  3939 | D:4      | Reached XP level 7. HP: 30/44 MP: 7/7
  4172 | D:5      | Entered Level 5 of the Dungeon
  4219 | D:5      | Reached skill level 5 in Armour
  4411 | D:5      | Noticed Grinder
  4412 | D:5      | Paralysed by Grinder for 4 turns
  4437 | D:5      | Paralysed by Grinder for 4 turns
  4444 | D:5      | Paralysed by Grinder for 3 turns
  4448 | D:5      | Killed Grinder
  4449 | D:5      | Reached skill level 5 in Fighting
  4449 | D:5      | Reached skill level 6 in Maces & Flails
  4754 | D:5      | Reached XP level 8. HP: 49/49 MP: 8/8
  5324 | D:6      | Reached ** piety under Okawaru
  5356 | D:6      | Reached skill level 7 in Maces & Flails
  5597 | D:6      | Reached skill level 5 in Shields
  5707 | D:6      | Found a stormy altar of Qazlal.
  5715 | D:6      | Found a basalt altar of Yredelemnul.
  5942 | D:6      | Noticed a cyclops
  6084 | D:6      | Reached skill level 8 in Maces & Flails
  6180 | D:6      | Reached *** piety under Okawaru
  6189 | D:6      | Reached XP level 9. HP: 47/55 MP: 9/9
  6515 | D:6      | Killed a cyclops
  6615 | D:6      | Identified the +1 hand axe of the Hummingbird {chaos, rPois
                  | rN+ Will+}
  7092 | D:7      | Reached skill level 9 in Maces & Flails
  7372 | D:7      | Noticed Menkaure
  7378 | D:7      | Killed Menkaure
  7378 | D:7      | Reached **** piety under Okawaru
  8290 | D:8      | Found Jemob's Armour Boutique.
  8290 | D:8      | Noticed an animated pearl dragon scales
  8290 | D:8      | Noticed an animated pearl dragon scales
  8434 | D:8      | Found a shimmering altar of Xom.
  8554 | D:8      | Reached skill level 10 in Maces & Flails
  8554 | D:8      | Reached XP level 10. HP: 61/61 MP: 10/10
  8696 | D:8      | Reached ***** piety under Okawaru
  8762 | D:8      | You are sucked into a shaft and drop 1 floor!
  8865 | D:9      | Slain by a killer bee

Illustrated notes

Levels and vault maps discovered:
D:1:      eino_arrival_druids_welcome, layout_basic, st_stairs_9,
          kennysheep_crisscross, palyth_stone_intersect,
          minmay_misc_feat_secret_circle
D:2:      layout_basic, minmay_ruptured
D:3:      layout_rooms, general_overflow_altar, hellmonk_ghost_happy_afterlife,
          uniq_robin
D:4:      layout_gridville, led_sif_book, amethyst_overflow_temple_binary,
          minmay_temple_entry_stoned_glass, portal_sewer_entry_b, uniq_edmund
D:5:      layout_layer_cave, grunt_ministairs_11, uniq_grinder
D:6:      layout_layer_cave, mainiacjoe_overflow_large_starburst
D:7:      layout_loops_corners, uniq_menkaure
D:8:      layout_basic, lemuel_crystal_altar, makhleb_blood_cavern_becter,
          serial_shops, nicolae_shop_mannequins, minmay_misc_feat_diagonals
D:9:      layout_basic
Temple:   cyrus_circular_temple

Skill      XL: |  1  2  3  4  5  6  7  8  9 10 |
---------------+-------------------------------+-----
Armour         | 4 5 6 7 8 |  8.1
Maces & Flails | 3 4 5 6 8 10 | 10.6
Fighting       | 4 5 6 7 |  7.2
Shields        | 4 5 6 |  6.5

Action                     |  1- 3 |  4- 6 |  7- 9 | 10-12 || total
---------------------------+-------+-------+-------+-------++-------
  Melee: Flail             |   105 |    86 |   397 |   148 ||   736
         Morningstar       |       |   259 |       |       ||   259
 Armour: Scale mail        |    85 |   324 |       |       ||   409
         Plate armour      |       |       |   285 |   108 ||   393
  Dodge: Dodged            |    75 |   279 |    84 |    40 ||   478
  Block: Buckler           |    41 |   120 |    78 |    42 ||   281

Table legend: (Time is in decaauts)
 A = Elapsed time spent in this place.
 B = Non-inter-level travel time spent in this place.
 C = Inter-level travel time spent in this place.
 D = Time resting spent in this place.
 E = Time spent auto-exploring this place.
 F = Levels seen in this place.
 G = Mean time per level.
                   A        B        C        D        E       F      G
               +--------+--------+--------+--------+--------+-----+--------+
         Total |   9025 |   8734 |    291 |    354 |   6481 |  11 |  820.5 |
       Dungeon |   8267 |   7983 |    284 |    354 |   6031 |   9 |  918.6 |
        Temple |     26 |     19 |      7 |      0 |      0 |   1 |   26.0 |
         Sewer |    731 |    731 |      0 |      0 |    449 |   1 |  731.0 |
               +--------+--------+--------+--------+--------+-----+--------+

Top non-repeatable levels by time:
     D:6: 1609 daAuts
     D:5: 1251 daAuts
     D:7: 1168 daAuts
     D:4: 1161 daAuts
     D:2: 1000 daAuts
     D:1: 731 daAuts
   Sewer: 731 daAuts
     D:3: 686 daAuts
     D:8: 563 daAuts
     D:9: 95 daAuts
  Temple: 26 daAuts
